 Dungeon Crawl Stone Soup version 0.22.1-1-ga44c0e5 (webtiles) character file.

53 Jamjie98 the Skirmisher (level 3, 0/33 HPs)
             Began as a Draconian Chaos Knight on Sept 29, 2018.
             Slain by an adder (4 damage)
             ... on level 2 of the Dungeon on Sept 30, 2018.
             The game lasted 00:12:08 (924 turns).

Jamjie98 the Skirmisher (Draconian Chaos Knight)     Turns: 924, Time: 00:12:09

Health: 0/33       AC:  5    Str: 12 (15) XL:     3   Next: 62%
Magic:  3/3        EV: 12    Int:  9 (12) God:    Xom [.....*]
Gold:   52         SH:  0    Dex:  9 (10) Spells: 2/2 levels left

rFire    . . .     SeeInvis .   a - +0 falchion (chaos)
rCold    . . .     Gourm    .   (no shield)
rNeg     . . .     Faith    .   (armour unavailable)
rPois    .         Spirit   .   (helmet restricted)
rElec    .         Reflect  .   (no cloak)
rCorr    .         Harm     .   (no gloves)
MR       .....     Rnd*Tele +   (no boots)
Stlth    +.........             (no amulet)
HPRegen  0.11/turn              f - ring of teleportation (curse)
MPRegen  0.08/turn              (no ring)

@: lethally poisoned (0 -> -3)
A: unfitting armour, cold-blooded, AC +5
a: Renounce Religion


You were on level 2 of the Dungeon.
You worshipped Xom.
You were Xom's teddy bear.
You were not hungry.

You visited 1 branch of the dungeon, and saw 2 of its levels.

You collected 52 gold pieces.

Inventory:

Hand Weapons
 a - a +0 falchion of chaos (weapon)
 e - a +0 dagger
 g - a +0 club
 i - a +0 club
 j - a +0 short sword
Missiles
 k - 3 stones (quivered)
Jewellery
 f - a cursed ring of teleportation (left hand)
Scrolls
 h - a scroll of teleportation
Potions
 d - 2 potions of degeneration
Comestibles
 b - 3 rations
 c - 6 chunks of flesh


   Skills:
 + Level 4.0 Fighting
 + Level 3.7 Long Blades
 + Level 2.6 Dodging


You had 2 spell levels left.
You didn't know any spells.
Your spell library was empty.

Dungeon Overview and Level Annotations

Branches:
Dungeon (2/15)

Altars:


Innate Abilities, Weirdness & Mutations

Your plain brown scales are hard. (AC +5)
You cannot fit into any form of body armour.
You are cold-blooded and may be slowed by cold attacks.


Message History

You are more poisoned.
The adder poisons you! The adder barely misses you.
You riposte.
You barely miss the adder.
You feel sick.
The adder hisses angrily.
You barely miss the adder. The adder closely misses you. The adder bites you.
You closely miss the adder.
You feel sick. The adder bites you.
You barely miss the adder.
You feel sick. The adder barely misses you.
You hit the adder.
The adder flickers and vanishes!
Deactivating autopickup; reactivate with Ctrl-A.
Something bites you.
* * * LOW HITPOINT WARNING * * *
You emit a cloud of colourful smoke!
Something bites you.
* * * LOW HITPOINT WARNING * * *
You don't know any spells.
* * * LOW HITPOINT WARNING * * *
You feel sick. Something bites you.
You die...

####### .....>§####
#...S§S§#
#%#####§############
#..{@.........#
#...#########.#
#...# #####.#######
##..#
###............ ....
........#####.#
#########.###.# #
#.# #.# #.# .#


You could see an adder.

Vanquished Creatures
  An adder (D:2)
  An ooze (D:1)
  2 dart slugs (D:1)
  A giant cockroach (D:1)
  4 goblins
  3 hobgoblins (D:1)
  6 jackals
  3 kobolds
  A quokka (D:2)
  4 bats (D:1)
  2 frilled lizards
  3 rats (D:1)
31 creatures vanquished.

Notes
Turn   | Place    | Note
-------+----------+-------------------------------------------
     0 | D:1      | Jamjie98 the Draconian Chaos Knight began the quest for the
                  | Orb.
     0 | D:1      | Reached XP level 1. HP: 19/19 MP: 1/1
    28 | D:1      | XOM: divination: detect creatures
    56 | D:1      | XOM: butterfly on damage
    77 | D:1      | XOM: harmless Fire miscast
    90 | D:1      | Reached XP level 2. HP: 19/26 MP: 2/2
   204 | D:1      | XOM: mild Erth miscast
   205 | D:1      | XOM: silly message
   626 | D:1      | Reached XP level 3. HP: 26/33 MP: 3/3
   696 | D:1      | Reached skill level 4 in Fighting
   910 | D:2      | XOM: noise
   921 | D:2      | XOM: smoke on damage
   924 | D:2      | Slain by an adder

Skill      XL: |  1  2  3 |
---------------+----------+-----
Fighting       | 4 |  4.0
Long Blades    | |  3.7
Dodging        | |  2.6

Action                   || total
-------------------------++-------
Melee: Falchion          ||   102
       Tailslap          ||     4
  Use: Scroll            ||     3
       Potion            ||     2
 Stab: Sleeping          ||     1
Armor: Skin              ||    52
Dodge: Dodged            ||    74
       Rpst.: Falchion   ||    22
